 Dungeon Crawl Stone Soup version 0.28.0 (webtiles) character file.

Game seed: 15974344443167962332

33 Impy the Grave Robber (level 3, 0/24 HPs)
             Began as a Demonspawn Necromancer on Feb 8, 2022.
             Succumbed to an adder's poison
             ... on level 2 of the Dungeon.
             The game lasted 00:05:04 (1918 turns).

Impy the Grave Robber (Demonspawn Necromancer)      Turns: 1918, Time: 00:05:05

Health: 0/24       AC:  3    Str:  8    XL:     3   Next: 12%
Magic:  1/6        EV: 12    Int: 18    God:
Gold:   43         SH:  0    Dex: 13    Spells: 5/6 levels left

rFire   . . .      SeeInvis .   b - +0 dagger
rCold   . . .      Faith    .   (no shield)
rNeg    . . .      Spirit   .   a - +0 robe
rPois   .          Reflect  .   (no helmet)
rElec   .          Harm     .   (no cloak)
rCorr   .          Rampage  .   (no gloves)
Will    .....                   (no boots)
Stlth   ++........              (no amulet)
HPRegen 0.08/turn               (no ring)
MPRegen 0.10/turn               (no ring)

@: lethally poisoned (0 -> -2)
A: sharp scales 1
a: no special abilities


You were on level 2 of the Dungeon.
You visited 1 branch of the dungeon, and saw 2 of its levels.

You collected 43 gold pieces.

Inventory:

Hand Weapons
 b - a +0 dagger (weapon)
Armour
 a - a +0 robe (worn)
Scrolls
 c - a scroll of blinking


   Skills:
 - Level 1.7 Dodging
 - Level 1.7 Stealth
 + Level 2.4 Spellcasting
 + Level 5.2 Necromancy


You had 5 spell levels left.
You knew the following spells:

 Your Spells              Type           Power      Damage    Failure   Level
a - Pain                  Necr           84%        1d8       1%          1

Your spell library contained the following spells:

 Spells                   Type           Power      Damage    Failure   Level
 Animate Skeleton         Necr           42%        N/A       1%          1
 Vampiric Draining        Necr           21%        2d7       6%          3
 Animate Dead             Necr           10%        N/A       21%         4
 Agony                    Necr           21%        N/A       50%         5


Dungeon Overview and Level Annotations

Branches:
Dungeon (2/15)

Altars:
Beogh


Innate Abilities, Weirdness & Mutations

You are partially covered in razor-sharp scales. (AC +1, Slay +1)


Message History

Press: ? - help, Shift-Dir - straight line, f/p - adder
Aim: an adder (heavily wounded, chance to affect: 83%)
The adder barely resists.
You feel sick. The adder barely misses you.
The adder bites you but does no damage.
Casting: Pain (safe; 2% risk of failure)
Confirm with . or Enter, or press ? or * to list all spells.
Aiming: Pain (safe; 2% risk of failure)
Press: ? - help, Shift-Dir - straight line, f/p - adder
Aim: an adder (heavily wounded, chance to affect: 83%)
The adder writhes in agony.
You feel sick. The adder bites you.
You are lethally poisoned!
The adder poisons you!
You miss the adder.
The adder is almost dead.
* * * LOW HITPOINT WARNING * * *
You feel sick. The adder barely misses you.
You barely miss the adder.
The adder is almost dead.
* * * LOW HITPOINT WARNING * * *
You feel sick. The adder bites you but does no damage.
You hit the adder.
You kill the adder!
* * * LOW HITPOINT WARNING * * *
You feel sick.
You have reached level 3!
Your experience leads to an increase in your attributes!
Increase (S)trength, (I)ntelligence, or (D)exterity?
You feel clever. x2
You aren't carrying any potions.
There is a lethal amount of poison in your body!
There is a lethal amount of poison in your body!
There is a lethal amount of poison in your body!
There is a lethal amount of poison in your body!
There is a lethal amount of poison in your body!
There is a lethal amount of poison in your body!
* * * LOW HITPOINT WARNING * * *
You feel sick.
* * * LOW HITPOINT WARNING * * *
You feel sick.
You die...

#.#.. ....
###.#.##...##
##....>.......
#.....<#....##
##......#.#...##
#..............
#.........###.#
#.........###†#
#####..)....@.#
#.######### #.
#. #. #. ##


There were no monsters in sight!

Vanquished Creatures
  An adder (D:2)
  4 dart slugs (D:1)
  An endoplasm (D:1)
  A goblin (D:1)
  2 hobgoblins (D:1)
  4 quokkas (D:1)
  A ball python (D:1)
  A frilled lizard (D:1)
  A rat (D:1)
16 creatures vanquished.

Notes
Turn   | Place    | Note
-------+----------+-------------------------------------------
     0 | D:1      | Impy the Demonspawn Necromancer began the quest for the
                  | Orb.
     0 | D:1      | Reached XP level 1. HP: 13/13 MP: 3/3
   780 | D:1      | Gained mutation: You are partially covered in razor-sharp
                  | scales. (AC +1, Slay +1) [demonic ancestry]
   780 | D:1      | Reached XP level 2. HP: 13/19 MP: 0/5
  1101 | D:1      | Reached skill level 5 in Necromancy
  1116 | D:1      | Found a faded altar of an unknown god.
  1916 | D:2      | Reached XP level 3. HP: 3/24 MP: 0/6
  1917 | D:2      | HP: 1/24 [poisoned by an adder]
  1918 | D:2      | Succumbed to an adder's poison

Illustrated notes

Levels and vault maps discovered:
D:1:      matt_arrival_refuge, layout_loops_corners,
          hellmonk_ecumenical_altar_defaced_shrine
D:2:      layout_basic, uniq_jessica

Skill      XL: |  1  2 |
---------------+-------+-----
Necromancy     | 5 |  5.2
Dodging        | |  1.7
Stealth        | |  1.7
Spellcasting   | |  2.4

Action                   || total
-------------------------++-------
Melee: Dagger            ||     3
 Cast: Pain              ||    42
  Use: Scroll            ||     2
       Potion            ||     1
Armor: Robe              ||     2
Dodge: Dodged            ||    12
